[Event "Benidorm Open-B 2022"]
[Site "Benidorm"]
[Date "2022.12.06"]
[Round "4.11"]
[White "Gukasov, Artem"]
[Black "Ruiz Ureta, Ernesto"]
[Result "1/2-1/2"]
[ECO "A00"]
[WhiteElo "1788"]
[BlackElo "1937"]
[Annotator "TA"]
[PlyCount "81"]
[EventDate "2022.12.03"]
[EventType "swiss"]
[EventCountry "ESP"]
[SourceTitle "playchess.com"]
[Source "ChessBase"]
[SourceQuality "1"]
[TimeControl "5400+30"]

1. g4 d5 2. Bg2 c6 3. g5 e5 4. d4 e4 5. f3 f5 {[#]} 6. gxf6 $146 {A00: Irregular Openings.} (6. c4 $15 {feels stronger.}) ({Predecessor:} 6. h4 Bd6 7. Nh3 h6 8. f4 h5 9. O-O Ne7 10. b3 Ng6 11. Qe1 Qe7 12. e3 {1-0 (46) Lin,D (2299)-Iskusnyh,S (2473) Chess.com INT 2022}) 6... Nxf6 (6... Qxf6 $17 {Hoping for ...Qh4+.} 7. Qd2 Be7) 7. fxe4 $1 $15 Nxe4 8. Nf3 {Prevents Qh4+. Black is slightly better.} Bd6 9. Nbd2 ({White should play} 9. c4 $15) 9... O-O (9... Ng5 $17 10. c4 O-O) 10. Nxe4 (10. O-O $15) 10... dxe4 $19 11. Ng5 Bf4 {Prevents c3.} (11... h6 $17 12. Nxe4 Bh3 13. Bxh3 (13. Bg5 $2 Qa5+ 14. Qd2 Bb4 $19) 13... Qh4+ 14. Ng3 Qxh3) 12. Bxf4 $11 Rxf4 13. h4 Rxh4 14. Rxh4 (14. Nxe4 $11 {keeps the balance.} Rxh1+ 15. Bxh1) 14... Qxg5 $17 15. Rxe4 {[#] And now Re8+ would win.} Bf5 $2 {[#]} (15... Nd7 $1 $17 {and life is bright.} 16. Qd3 (16. Re8+ Kf7 $17) 16... Qxg2 17. Re8+ Kf7) 16. Qd3 $1 $16 Bxe4 (16... Nd7 17. Qb3+) 17. Qxe4 ({White must play} 17. Bxe4 $16 Nd7 18. Bxh7+ (18. Qb3+ $2 Kh8 $19) 18... Kh8 19. Qh3) 17... Na6 $1 $15 18. e3 (18. Kf2 $15) 18... Qg3+ (18... Nc7 $17 {Threatens to win with ...Re8.} 19. O-O-O Re8) 19. Ke2 {Strongly threatening Rh1.} (19. Kd2 $5 ) 19... Nc7 (19... h6 {looks sharper.} 20. Rg1 Qg5 21. Rf1 Nc7) 20. Rf1 Qd6 (20... Re8 {is interesting.} 21. Qf3 Qg6 22. Kd2 Nb5) 21. Qf4 (21. c3 {seems wilder.} g6 22. Qg4 Re8 23. Kd3) 21... Qxf4 22. Rxf4 $11 {[%mdl 4096] Endgame KRB-KRN} Re8 23. c4 Ne6 24. Re4 Nc7 {Inhibits d5.} ({Black should try} 24... Kf7 $14) 25. d5 (25. Rxe8+ $16 Nxe8 26. e4) 25... cxd5 $2 (25... Rxe4 $1 $11 {and Black is okay.} 26. Bxe4 cxd5 27. cxd5 Kf7) 26. Rxe8+ $18 Nxe8 27. Bxd5+ $11 {KB-KN} (27. cxd5 Nd6 $11) 27... Kf8 28. Bxb7 Ke7 29. b4 Nd6 $2 {Inhibits c5.} (29... Nf6 30. c5 h5) 30. Bd5 $18 Kf6 (30... Ne8 $142 31. e4 Nf6) 31. b5 Ke5 32. Bg8 h5 (32... g5 $18 33. a4 (33. Bxh7 Nxc4 34. Bd3 Nb6 $14) 33... h5) 33. c5 (33. a4 $16) 33... Ne4 {[%mdl 1024] Black has compensation.} 34. Kd3 (34. b6 $11 axb6 35. cxb6) 34... h4 (34... Nxc5+ $17 35. Ke2 g5) 35. c6 h3 ({Don't play} 35... Nd6 36. Ke2 $11) 36. c7 Nd6 {Prevents c8Q.} 37. Bh7 {[%cal Oh7e4] Inhibits h2.} h2 (37... Nxb5 38. c8=Q Nd6 39. Qxh3 g6 40. Qd7 Nf5 41. Bxg6 Nd6 42. Qe7+ Kd5 43. Bh5) (37... Ke6 $1 $15 38. Bg8+ Kd7) 38. Be4 $1 $11 {The position is equal.} Nxe4 (38... Nc8 $5 ) 39. c8=Q h1=Q (39... h1=R 40. Qe8+ Kf6 41. Qc6+ Kf7 42. Qd5+ Kf6 43. Qd4+ Kg5 44. Qxe4 $18) 40. Qe8+ Kf5 {( -> ...Qd1+)} 41. Qd7+ {What a bad dream for Black.   Weighted Error Value: White=0.37/Black=0.48} 1/2-1/2

[Event "Benidorm Open-B 2022"]
[Site "Benidorm"]
[Date "2022.12.06"]
[Round "4.12"]
[White "Cluyts, Marc"]
[Black "Pedraza Fernandez, Miguel Angel"]
[Result "0-1"]
[ECO "B23"]
[WhiteElo "1923"]
[BlackElo "1784"]
[Annotator "TA"]
[PlyCount "56"]
[EventDate "2022.12.03"]
[EventType "swiss"]
[EventCountry "ESP"]
[SourceTitle "playchess.com"]
[Source "ChessBase"]
[SourceQuality "1"]
[TimeControl "5400+30"]

1. e4 c5 2. Nc3 Nc6 3. f4 g6 4. Nf3 Bg7 5. Bb5 a6 6. Bxc6 bxc6 7. O-O {B23: Closed Sicilian: Lines without g3.} d6 8. d3 Rb8 9. Qe1 {White is slightly better.} Nh6 10. f5 (10. h3 $14) 10... e6 $2 {[%mdl 8192] [#]} (10... gxf5 $11 11. Qh4 Ng8) 11. fxe6 $146 (11. f6 $1 $18 Bf8 12. Qh4) ({Predecessor:} 11. f6 Bf8 12. Qh4 Ng8 13. d4 cxd4 14. Nxd4 e5 15. Nb3 h5 16. Bd2 Bh6 17. Rad1 {1-0 (43) Stanchev,P (1853)-Ruschukov,B Sofia 2010}) 11... Bxe6 12. Ng5 (12. e5 $5 ) 12... O-O 13. Nxe6 fxe6 14. Rxf8+ Qxf8 15. b3 {[%mdl 8192] [#]} (15. h3 $11) 15... Ng4 $1 $19 {Strongly threatening ...Bd4+.} 16. h3 Bd4+ 17. Kh1 Nf2+ 18. Kh2 Qf6 19. Bd2 Qe5+ 20. g3 Qh5 21. h4 Rf8 {( -> ...Be5)} 22. Rc1 Qg4 {Black mates.} 23. Qf1 Be5 24. Qg2 Qxh4+ 25. Kg1 Bxg3 26. Rf1 Nh3+ 27. Kh1 Nf4+ 28. Kg1 Nxg2 {Weighted Error Value: White=0.94/Black=0.27 (precise)} 0-1

[Event "Benidorm Open-B 2022"]
[Site "Benidorm"]
[Date "2022.12.06"]
[Round "4.13"]
[White "Ballina Amandi, Casimiro"]
[Black "Urena Casacuberta, Lluis"]
[Result "0-1"]
[ECO "B27"]
[WhiteElo "1757"]
[BlackElo "1917"]
[Annotator "TA"]
[PlyCount "138"]
[EventDate "2022.12.03"]
[EventType "swiss"]
[EventCountry "ESP"]
[SourceTitle "playchess.com"]
[Source "ChessBase"]
[SourceQuality "1"]
[TimeControl "5400+30"]

1. e4 e5 2. Nf3 c5 3. Bb5 Nc6 4. d3 g6 5. c3 Bg7 6. O-O Nge7 7. a3 {B31: Sicilian: 2...Nc6 3 Bb5 g6.} O-O 8. b4 d6 9. Bc4 {The position is equal.} h6 10. Be3 b6 11. Qb3 {[#]} Rb8 $146 ({Predecessor:} 11... Qe8 12. Ne1 Kh7 13. f3 f5 14. a4 Bd7 15. a5 cxb4 16. cxb4 bxa5 17. b5 Rb8 {0-1 (40) Raetsch,H-Malich,B Premnitz 1961}) 12. Qa2 Bg4 13. Nbd2 Qc8 14. h3 Be6 15. Rfd1 Kh7 16. Nf1 Rd8 17. b5 {Against d5} (17. Bxe6 $14 Qxe6 18. Qxe6 fxe6 19. Rdb1) 17... Na5 18. Bxe6 Qxe6 19. Qxe6 fxe6 20. Bd2 Rd7 21. c4 Nb3 22. Rab1 Nxd2 ({Better is} 22... Nd4 $15) 23. Rxd2 Ra8 24. Rb3 a6 25. Ra2 axb5 26. Rxb5 Nc8 27. Ne3 Rda7 28. Nc2 Bf6 29. Rab2 Bd8 30. Nd2 Ne7 31. Nb1 Nc6 32. Nc3 Kg7 (32... Nd4 $17 33. Nxd4 exd4) 33. R5b3 $11 Na5 34. Rb5 Kf7 35. Ra2 Ra6 36. g3 Nc6 37. Rab2 Ke7 38. Kg2 Kd7 39. R5b3 Na5 40. Rb5 Nc6 41. R5b3 $1 Bc7 42. Nb5 Nd4 (42... g5 $15) 43. Ncxd4 exd4 44. f4 h5 45. Rf2 Rf8 {Against f5} 46. g4 hxg4 47. hxg4 d5 48. f5 {And now fxe6+ would win.} exf5 (48... dxc4 $11 49. dxc4 exf5) 49. Nxc7 (49. exd5 $14 Raa8 50. Nxc7 Kxc7 51. Rfb2) 49... dxc4 $1 50. dxc4 (50. Nxa6 $11 cxb3 51. exf5 (51. gxf5 gxf5 52. exf5 Ra8 $11)) 50... Kxc7 $15 51. exf5 gxf5 52. Rxf5 Rxf5 53. gxf5 $11 {[%mdl 4096] Endgame KR-KR} Kd6 $1 54. Kf3 Ke5 55. Kg4 (55. f6 $15) 55... Ke4 $19 56. f6 d3 {Strongly threatening ...d2.} 57. f7 d2 $2 (57... Ra8 $19 {Threatens to win with ...d2.} 58. Rxb6 Rf8) 58. f8=Q $11 (58. Rb1 $2 Ra8 59. Kg5 Kd3 60. Rxb6 (60. Rd1 $2 Ke2 $19) 60... Kxc4 $19) 58... d1=Q+ {KQR-KQR} 59. Rf3 Qd7+ $2 (59... Qg1+ $11 60. Rg3 Qd1+ 61. Kg5 (61. Kh4 Qh1+ 62. Rh3 Qe1+ 63. Kg5 Qd2+ 64. Kh5 Qd1+ 65. Kg5 Qd2+ 66. Kh5 Qd1+ 67. Kh4 Qe1+ 68. Rg3 Qh1+ 69. Kg5 Qc1+ 70. Kh5 Qh1+ 71. Kg5 Qc1+ 72. Kh5 Qh1+ 73. Kg4 Qd1+ 74. Kh4 Qh1+ $11) 61... Qc1+ 62. Kh5 Qh1+ 63. Kg4 Qd1+ 64. Kh4 Qh1+ 65. Rh3 Qe1+ 66. Kg5 (66. Kh5 Qd1+ 67. Kg5 Qd2+ 68. Kh5 Qd1+ 69. Kh4 Qe1+ 70. Kh5 Qd1+ $11) 66... Qd2+ 67. Kh5 Qd1+ 68. Kh4 Qe1+ 69. Kg5 (69. Kh5 Qd1+ 70. Kg5 Qg1+ 71. Kh5 Qd1+ $11) 69... Qg1+ 70. Kh5 Qd1+ 71. Kh4 Qe1+) 60. Kg3 Qc7+ 61. Rf4+ $2 ({Inferior is} 61. Kf2 Qh2+ 62. Kf1 Qe5 $11) (61. Kg2 $1 {mates} Qe5 62. Qh6 Qb2+ 63. Kg3 Qe5+ 64. Kg4 Rxa3 65. Rxa3 Qf5+ 66. Kg3 Qe5+ 67. Kh3 Qf5+ 68. Kg3 Qe5+ 69. Kh3 Qf5+ 70. Kg2) 61... Kd3 62. Qf5+ (62. Kg2 $5 Qc6+ $8 63. Kh2 $11) 62... Kc3 $2 (62... Kd2 $11) 63. Kf2 $4 (63. Kg2 $1 $18 {is the narrow road to win.} Qg7+ 64. Rg4 Qxg4+ 65. Qxg4) 63... Qd6 $4 {[%mdl 8192] [#]} (63... Rxa3 $19 {White must now prevent ...Kb4.} 64. Rf3+ Kb2 65. Qf6+ Ka2 66. Rxa3+ Kxa3) 64. Rf3+ $2 (64. Kg2 $1 $18 Rxa3 65. Rf3+ Kb2 66. Rf2+ Kc3 67. Qb1 Kxc4 68. Qc1+ Kb4 69. Rf4+ Qxf4 70. Qxf4+ Kb5 71. Kf1) 64... Kd2 $2 (64... Kb2 $2 65. Kg2 Rxa3 66. Rf2+ Kb3 67. Qb1+ Kxc4 68. Qc1+ Rc3 69. Rf4+ $18) (64... Kxc4 $11 65. Rf4+ (65. Qc2+ Kb5 $11) 65... Kc3) 65. Qg5+ (65. Kg1 $142 {Intending Rf2+ and mate.} Qd4+ 66. Rf2+ Qxf2+ 67. Qxf2+ Kd3 68. Qb2) 65... Kd1 $18 {Hoping for ...Qh2+.} 66. Qg1+ $2 (66. Qh5 $18 {Threatening mate with Rd3+.} Qd4+ 67. Kg2) 66... Kc2 $11 {...Ra4 is the strong threat.} 67. Qg4 $2 {[%mdl 8192] [#]} (67. Re3 $11 Qf4+ 68. Ke2) 67... Qd4+ $1 $19 {Black is clearly winning.} 68. Kg3 Qxg4+ 69. Kxg4 Kb2 {Weighted Error Value: White=0.20 (precise) /Black=0.32} 0-1

[Event "Benidorm Open-B 2022"]
[Site "Benidorm"]
[Date "2022.12.06"]
[Round "4.14"]
[White "Lopez Heras, Arturo"]
[Black "Millward, Kevin P"]
[Result "0-1"]
[ECO "B00"]
[WhiteElo "1704"]
[BlackElo "1928"]
[Annotator "TA"]
[PlyCount "71"]
[EventDate "2022.12.03"]
[EventType "swiss"]
[EventCountry "ESP"]
[SourceTitle "playchess.com"]
[Source "ChessBase"]
[SourceQuality "1"]
[TimeControl "5400+30"]

1. e4 d6 2. d4 Nf6 3. Nc3 e5 4. dxe5 dxe5 5. Qxd8+ Kxd8 6. Nf3 Bd6 7. Bc4 {The main line 7.Bc4 scores better than 7.Bg5.} Ke7 {B07: Pirc Defence: Miscellaneous Systems.} 8. Bg5 (8. Be3 {simplifies} Be6 9. Bxe6 fxe6 10. O-O-O) 8... Be6 9. Nd5+ Bxd5 {White is slightly better.} 10. exd5 (10. Bxd5 $14 c6 11. Bc4) 10... h6 {[#]} 11. Bxf6+ $146 ({Predecessor:} 11. Bh4 Nbd7 12. O-O-O g5 13. Bg3 Ne4 14. Bd3 Nxg3 15. hxg3 Bc5 16. Rd2 Kd6 17. Bf5 {½-½ (40) Davydov,S-Markov,A (2220) Ekaterinburg 1996}) 11... Kxf6 12. O-O g6 13. Rae1 a6 14. a3 Nd7 15. Re2 Kg7 16. Rfe1 f5 17. c3 Kf6 18. Ba2 b5 19. Bb3 Rhb8 20. c4 {White is on the road to losing.} (20. g3 $11) 20... Nc5 $17 21. Ba2 Nd3 22. Rb1 b4 {Black is more active.} 23. axb4 Rxb4 24. Rd2 {[#]} (24. b3 $17) 24... Nc5 $1 $19 25. Rc1 $2 (25. Kf1) 25... Rab8 26. Rcc2 Ra4 27. Bb1 Ra1 28. Rd1 {[#]} Nd3 $1 {[%cal Od6c5][%mdl 512] aiming for ...Bc5!} 29. g3 (29. Rf1 Nxb2) 29... Rxb2 (29... Nxb2 $2 {is the wrong capture.} 30. Rf1 $19) 30. Rxb2 Nxb2 31. Rc1 {[#]} Nxc4 {[%cal Oe5e4][%mdl 512] And now ...e4! would win.} 32. Rxc4 (32. Re1 Nb6) 32... Rxb1+ {Black is clearly winning.} 33. Kg2 Rb5 34. Ra4 a5 (34... Rxd5 $2 {too greedy.} 35. Rxa6 e4 36. Ng1 $19) 35. Nd2 Rxd5 36. Rh4 {Weighted Error Value: White=0.38/Black=0.11 (very precise)} 0-1

[Event "Benidorm Open-B 2022"]
[Site "Benidorm"]
[Date "2022.12.06"]
[Round "4.15"]
[White "Vicente Soriano, Josep"]
[Black "Izquierdo Carbellido, Pablo"]
[Result "0-1"]
[ECO "C00"]
[WhiteElo "1713"]
[BlackElo "1900"]
[Annotator "TA"]
[PlyCount "82"]
[EventDate "2022.12.03"]
[EventType "swiss"]
[EventCountry "ESP"]
[SourceTitle "playchess.com"]
[Source "ChessBase"]
[SourceQuality "1"]
[TimeControl "5400+30"]

1. e4 e6 2. Qe2 e5 3. g3 Bc5 4. c3 Nc6 5. Bg2 Nge7 6. Nf3 {[%cal Of3e5] [#] C00: French: Unusual White 2nd moves.} f6 $146 ({Predecessor:} 6... Bb6 7. O-O d6 8. d3 O-O 9. a4 a5 10. Nbd2 f5 11. Nc4 fxe4 12. dxe4 Bc5 {1-0 (44) Espinoza Solano,J (1999)-Moncada,O (1600) Managua 2018}) 7. O-O O-O $2 (7... Bb6 $14) 8. Qc4+ $18 {White has a decisive advantage.} d5 9. exd5 (9. Qxc5 $18 {exd5 is the strong threat.} b6 10. Qb5) 9... Qxd5 $16 {[#]} 10. Qxd5+ (10. Nxe5 $1 $16 Qxc4 11. Nxc4) 10... Nxd5 $14 {[#]} 11. d3 (11. Nxe5 $142 $1 Nxc3 12. bxc3 fxe5 13. Ba3) 11... Be6 $36 {[%mdl 2048] Black is more active.} 12. Nbd2 Rad8 13. Nb3 Bb6 14. d4 exd4 15. Nfxd4 Nxd4 16. Nxd4 Bxd4 17. cxd4 c6 18. Bxd5 Rxd5 19. Be3 Rfd8 20. a3 a5 21. Rfe1 Rb5 22. Re2 a4 23. Rc1 Rbd5 24. Rd2 Kf7 25. Rc5 R5d6 26. Rdc2 Bb3 27. Rc1 Re6 28. R5c3 f5 (28... Bd5 $17) 29. f4 (29. Rc5 $15) 29... h6 30. Kf2 Kf6 31. h4 Kg6 32. Re1 Bd5 33. Bd2 Be4 34. Be3 b6 35. Rec1 Kh5 36. Re1 Kg4 37. Rcc1 Rd5 {Black has more active pieces.} ({Black should play} 37... Re7 $17 38. Rf1 Red7) 38. Rc3 Rg6 39. Rcc1 Kh3 $2 {[%mdl 8192] [#]} (39... Rgd6 $17) 40. Rg1 $2 (40. Rh1+ $1 {[%mdl 512] mates} Kg4 41. h5 Bxh1 42. Rxh1 Rf6 43. Rh4#) 40... Rb5 (40... h5 $17 {Strongly threatening ...Rb5.} 41. Rc3 Rd8) 41. h5 $2 (41. b4 $1 $11 Kh2 42. h5) 41... Rxb2+ {Weighted Error Value: White=0.62/Black=0.45} 0-1

[Event "Benidorm Open-B 2022"]
[Site "Benidorm"]
[Date "2022.12.06"]
[Round "5.1"]
[White "Palao, Adriana"]
[Black "Goktepe, Derin"]
[Result "0-1"]
[ECO "C53"]
[WhiteElo "1972"]
[BlackElo "1828"]
[Annotator "TA"]
[PlyCount "58"]
[EventDate "2022.12.03"]
[EventType "swiss"]
[EventCountry "ESP"]
[SourceTitle "playchess.com"]
[Source "ChessBase"]
[SourceQuality "1"]
[TimeControl "5400+30"]

1. e4 e5 2. Nf3 Nc6 3. d4 exd4 4. Bc4 Bc5 5. c3 Nf6 6. e5 d5 7. Bb5 Ne4 8. cxd4 Bb6 9. h3 {C54: Giuoco Piano: 4 c3 Nf6, main lines with 5 d4 and 5 d3.} O-O {aiming for ...f6.} 10. Bxc6 (10. O-O $11) 10... bxc6 $15 11. O-O {Black is slightly better.} c5 {Black is more active.} (11... Ba6 {keeps more tension.} 12. Re1 c5 13. Nc3 cxd4 14. Nxe4 dxe4 15. Rxe4 Qd5) 12. Nc3 cxd4 13. Nxd4 Nxc3 (13... Ba6 $17 14. Re1 Nxf2 $1 15. Kxf2 Qh4+ 16. g3 Qxd4+ 17. Qxd4 Bxd4+ 18. Be3 Bxe3+ 19. Kxe3 c6) 14. bxc3 c5 {[#] Inhibits a4.} 15. Nb3 $146 ({Predecessor:} 15. Nf3 Bb7 16. a4 Ba5 17. Qd3 c4 18. Qc2 h6 19. Rb1 Rb8 20. Ba3 Re8 21. Rfe1 {½-½ (48) Moewisch,D (1783)-Noack,T (1581) Playchess.com INT 2020}) 15... Bb7 16. Qg4 Qc8 17. Qg3 Qf5 ({Black should play} 17... Qc6 $15) 18. Be3 Rac8 19. Rab1 Ba8 ({Better is} 19... Ba6 $15 20. Rfe1 Rc6) 20. a4 (20. Bh6 $5 Qg6 21. Qxg6 hxg6 22. Be3 $15) 20... a6 (20... Rc6 $5 21. Qf4 Qxf4 22. Bxf4 c4 $15) 21. a5 (21. Rfe1 {with more complications.} Rfd8 22. a5 Ba7 23. Bh6) 21... Ba7 ({Don't play} 21... Bc7 22. Bxc5 Rfe8 23. Bd6 $16) 22. f4 {[#]} (22. Bh6 $15 Qg6 23. Qxg6 hxg6 24. Be3) 22... Rc6 $1 $19 23. Qf2 $2 (23. Qg5 {was necessary.} Qe4 24. f5 Qxe5 25. f6 Qxg5 26. Bxg5) 23... Rfc8 $2 (23... d4 $19 {and Black stays clearly on top. Strongly threatening ...Rg6.} 24. Kh2 (24. cxd4 $2 {perishes.} cxd4 25. Nxd4 Bxd4 $19) 24... dxe3 25. Qxe3 Rcc8) 24. g4 Qe4 25. Nd2 $2 {Prevents d4.} (25. Rfe1 $17 {keeps fighting.}) 25... Qd3 26. Nb3 {Against d4} (26. f5 d4 27. Bf4 (27. cxd4 $2 cxd4 28. Bg5 h6 $19)) 26... d4 27. cxd4 cxd4 28. Bxd4 Rc2 29. Rfd1 Qxh3 {Weighted Error Value: White=0.99/Black=0.25 (precise)} 0-1

[Event "Benidorm Open-B 2022"]
[Site "Benidorm"]
[Date "2022.12.06"]
[Round "5.2"]
[White "Saber, Anas"]
[Black "Mallevaey, Guillaume"]
[Result "0-1"]
[ECO "D03"]
[WhiteElo "1920"]
[BlackElo "1761"]
[Annotator "TA"]
[PlyCount "72"]
[EventDate "2022.12.03"]
[EventType "swiss"]
[EventCountry "ESP"]
[SourceTitle "playchess.com"]
[Source "ChessBase"]
[SourceQuality "1"]
[TimeControl "5400+30"]

1. d4 d5 2. Nf3 Nf6 3. Bg5 Bf5 4. Nbd2 e6 5. e3 Be7 6. Be2 O-O 7. O-O Nbd7 8. Rc1 {[#] D03: 1 d4 d5 2 Nf3 Nf6 3 Bg5, including Torre Attack with early ...d5.} Ne4 $146 ({Predecessor:} 8... c6 9. c4 Qb6 10. Ne5 Rfe8 11. Bxf6 Nxf6 12. b3 Ba3 13. c5 Qc7 14. Rc3 Bb2 15. Rd3 Bxd3 16. Bxd3 {1-0 (44) Lam,T-Dang,D Ho Chi Minh City 2001}) 9. Bf4 Ndf6 (9... g5 {might be stronger.} 10. Bg3 h5) 10. Nb3 {The position is equal.} Nh5 11. Be5 Nhf6 12. c4 c6 13. c5 (13. Nh4 {with more complications.} dxc4 14. Bxc4 Nd5 15. Nxf5 exf5 16. Bxd5 Qxd5 17. f3) 13... Nd7 14. Ne1 f6 (14... Nxe5 15. dxe5 Bg5 16. f4 $16) 15. Bf4 e5 {[%cal Be6e5,Be5f4,Bf4e3][%mdl 32] Inhibits h4.} 16. f3 Nexc5 (16... exf4 {simplifies} 17. fxe4 Bxe4 18. exf4 b6) 17. dxc5 exf4 18. Nd4 g6 ({Black should play} 18... Bg6 $15 19. b4 (19. Ne6 Qa5 $17) 19... fxe3) 19. Nxf5 (19. b4 $14) 19... gxf5 $11 20. Nd3 (20. b4 $1 $11 {remains equal.}) 20... fxe3 $17 21. Nf4 (21. Qa4 $15) 21... Nxc5 (21... Bxc5 $142 22. Ne6 Qe7 23. Nxf8 Rxf8) 22. Qd4 $2 {[#]} (22. b4 $17 Qd6 23. Nxd5 cxd5 24. Rxc5) 22... Qb6 23. b4 Nd7 24. Qd3 Ne5 (24... Bxb4 25. Qxf5 Rf7 26. Rb1 $17) (24... Qxb4 25. Nxd5 cxd5 26. Qxd5+ Kh8 27. Qxd7) (24... Bd6 $19 25. Qxf5 Bxf4 26. Qxf4 Ne5) 25. Qxf5 Rf7 ({Of course not} 25... Bxb4 $6 26. Rb1 $11) 26. Ne6 Re8 (26... Bxb4 $2 {is the wrong capture.} 27. f4 Nc4 28. Rb1 $19) (26... Nc4 $17 27. a3 a5 28. Qg4+ Kh8) 27. Kh1 $2 ({Better is} 27. f4 $15 Ng6 28. Rb1) 27... Bxb4 $19 {[%cal Be7b4,Bb4f8,Bf8d6][%mdl 32] Threatens to win with ...c5.} ({Stronger than} 27... Qxb4 28. f4 Ng6 29. Bh5 $11) 28. f4 c5 29. Nd4 (29. Nxc5 Bxc5 30. fxe5 Rxe5 31. Qc8+ Bf8 32. Rf4) 29... cxd4 30. fxe5 Rxe5 31. Qc8+ Bf8 32. Rb1 Qe6 33. Qc2 Bd6 34. Qd3 $2 (34. g3) 34... Re4 {aiming for ...Rg7.} 35. Rf3 Rh4 36. g3 {[#]} Qh3 $1 {[%csl LRg3,LRh2] Weighted Error Value: White=0.69/Black=0.21 (precise)} 0-1

[Event "Benidorm Open-B 2022"]
[Site "Benidorm"]
[Date "2022.12.06"]
[Round "5.3"]
[White "Saez Gabikagogeaskoa, Oscar"]
[Black "Engelaer, Maurice"]
[Result "1-0"]
[ECO "B77"]
[WhiteElo "1941"]
[BlackElo "1785"]
[Annotator "TA"]
[PlyCount "49"]
[EventDate "2022.12.03"]
[EventType "swiss"]
[EventCountry "ESP"]
[SourceTitle "playchess.com"]
[Source "ChessBase"]
[SourceQuality "1"]
[TimeControl "5400+30"]

1. e4 c5 2. Nf3 d6 3. d4 cxd4 4. Nxd4 g6 5. Nc3 Nf6 6. Be3 Bg7 7. f3 O-O 8. Bc4 Nc6 9. Qd2 Nxd4 10. Bxd4 Be6 11. Bb3 Qa5 12. O-O Rfc8 {12...Nd7 injects fresh life into this line. B77: Sicilian Dragon: Yugoslav Attack, 9 Bc4 sidelines.} 13. Rad1 b5 14. Rfe1 Bc4 {The position is equal.} 15. e5 {[#]} Ne8 $146 (15... dxe5 $11 {remains equal.} 16. Rxe5 Qd8) ({Predecessor:} 15... dxe5 16. Rxe5 Qb4 17. a3 Qd6 18. Nxb5 Qd7 19. Bxc4 Rxc4 20. b3 Rc6 21. Bf2 Qb7 {1-0 (42) Wieprecht,G-Mierendorf,W Willingen 2001}) 16. exd6 Bxd4+ 17. Qxd4 Nxd6 18. Nd5 {White is more active.} (18. Rxe7 $2 Nf5 19. Qf6 Nxe7 20. Qxe7 Qb6+ 21. Kh1 Re8 $19) (18. Bxc4 $16 Rxc4 19. Qe5) 18... Bxd5 (18... Nf5 $11 19. Qf4 (19. Nxe7+ Nxe7 20. Rxe7 Bxb3 $11) 19... Bxd5 20. Bxd5 Qb6+ 21. Kh1 Rab8) 19. Qxd5 $2 (19. Bxd5 $16 Nf5 20. Qf2) 19... Qb6+ 20. Kf1 Re8 21. h4 (21. Qd4 $11) 21... Rad8 (21... Nf5 $15 22. Qe5 (22. Qxf7+ Kh8 $15) 22... Rad8 23. Rxd8 Rxd8) 22. Qg5 $11 Nf5 {White must now prevent ...Rxd1.} 23. Rxd8 Rxd8 24. h5 $2 {[%mdl 8192] [#]} (24. g4 $11 Qc6 25. Kf2 (25. gxf5 $2 {loses.} Qxf3+ 26. Kg1 Rd4 $19)) 24... h6 $4 (24... Rd2 $1 $19 {[%csl Gd2][%cal Rb6f2][%mdl 512] and all is fine.} 25. Re2 (25. Qxd2 $2 Ng3#) (25. Bxf7+ $2 Kg7 $19) 25... Rd1+ 26. Re1 Ne3+ 27. Qxe3 Qxe3 28. Rxd1 gxh5) 25. Qxg6+ {Weighted Error Value: White=0.58/Black=0.55} 1-0

[Event "Benidorm Open-B 2022"]
[Site "Benidorm"]
[Date "2022.12.06"]
[Round "5.4"]
[White "Aadith R"]
[Black "Lopez de Turiso, Jose Angel"]
[Result "1-0"]
[ECO "C55"]
[WhiteElo "1714"]
[BlackElo "1885"]
[Annotator "NA RC COMBH"]
[PlyCount "67"]
[EventDate "2022.12.03"]
[EventType "swiss"]
[EventCountry "ESP"]
[SourceTitle "playchess.com"]
[Source "ChessBase"]
[SourceQuality "1"]
[TimeControl "5400+30"]

1. e4 e5 2. Nf3 Nc6 3. Bc4 Nf6 4. d3 Be7 5. O-O O-O 6. c3 d5 7. exd5 Nxd5 8. h3 a5 9. Re1 Nb6 10. Bb3 a4 11. Bc2 f6 12. Be3 Bf5 13. Nh4 Bd7 14. Bxb6 cxb6 15. Bxa4 g5 16. Nf3 g4 17. hxg4 Bxg4 18. Bc2 f5 19. Nbd2 b5 20. Qe2 Bc5 21. a4 b4 22. d4 bxc3 23. bxc3 Bd6 24. Qc4+ Kh8 25. dxe5 Bxe5 26. Nxe5 Nxe5 27. Rxe5 Qxd2 28. Re7 Rac8 29. Qb5 Qxc3 30. Rae1 Rc7 31. Rxc7 Qxc7 32. Qb4 Rc8 33. Re7 Qc5 34. Qxb7 1-0

[Event "Benidorm Open-B 2022"]
[Site "Benidorm"]
[Date "2022.12.06"]
[Round "5.5"]
[White "Tsiapko, Andrii"]
[Black "Martin Martin, Luis Vicente"]
[Result "1-0"]
[ECO "D11"]
[WhiteElo "1619"]
[BlackElo "1907"]
[Annotator "TA"]
[PlyCount "49"]
[EventDate "2022.12.03"]
[EventType "swiss"]
[EventCountry "ESP"]
[SourceTitle "playchess.com"]
[Source "ChessBase"]
[SourceQuality "1"]
[TimeControl "5400+30"]

1. d4 Nf6 2. Nf3 d5 3. c4 c6 4. Nbd2 Bf5 5. Nh4 Bc8 6. g3 {[#] D11: Slav Defence: 3 Nf3 sidelines and 3...Nf6 4 e3 Bg4.} (6. e3 $11) 6... Qa5 $146 (6... dxc4 $1 $15 7. e3 (7. Nxc4 $2 Qd5 $19) 7... b5) ({Predecessor:} 6... g5 7. Nhf3 h6 8. e3 Bf5 9. cxd5 cxd5 10. Qb3 Qc7 11. Ne5 Nc6 12. Bb5 Bg7 13. Bxc6+ bxc6 {1-0 (27) Sychev,K (2553)-Ljukin,S (2362) Chess.com INT 2022}) 7. c5 (7. Qc2 $14) 7... e5 8. a3 {Black has an edge.} Qc7 9. b4 a5 10. Bb2 axb4 (10... e4 $1 $15) 11. axb4 (11. dxe5 $14 Ne4 12. Nxe4 (12. axb4 Rxa1 13. Bxa1 Nxd2 $14) 12... bxa3 13. Nd2 (13. Rxa3 Rxa3 14. Bxa3 Qa5+ 15. Nd2 Qxa3 $17) (13. Nd6+ Bxd6 14. cxd6 Qa5+ 15. Qd2 axb2 $17) 13... Bxc5 14. Qb3) 11... Rxa1 $11 12. Qxa1 e4 13. Qa5 Na6 14. Ng2 Qb8 (14... Qxa5 {simplifies} 15. bxa5 Be7 16. Ne3 Bd8) 15. Ne3 (15. f3 {keeps more tension.} b6 16. Qa4 Be7 17. fxe4 bxc5 18. Qxc6+ Kd8 19. dxc5 Nxb4 20. Qb6+) 15... Be7 16. b5 {Against b6} cxb5 17. Qxb5+ Bd7 18. Qb3 $36 {[%mdl 2048] White has some pressure.} Bc6 ({Resist} 18... Nc7 19. Bg2 $14) (18... b6 $11) 19. Bg2 (19. Nf5 $5 ) 19... g6 20. O-O O-O 21. f3 {[#] Threatens to win with fxe4.} exf3 22. Nxf3 ({Reject} 22. Rxf3 Nc7 $11) 22... Qd8 23. Ne5 Nc7 ({Better is} 23... Kg7) 24. Qb6 $16 {White has more active pieces.} Nd7 $2 {[#]} (24... Qb8 $16 {was necessary.} 25. Nxc6 bxc6) 25. Nxc6 {Weighted Error Value: White=0.24 (precise) /Black=0.37} 1-0